 Dungeon Crawl Stone Soup version 0.29.1-12-g30fa7ad0bf (webtiles) character file.

Game seed: 15168344204324373315

655 hawla the Chiller (level 8, -4/58 HPs)
             Began as a Meteoran Ice Elementalist on Jan 9, 2023.
             Killed by nerve-wracking pain
             ... invoked by Menkaure
              (11 damage)
             ... on level 7 of the Dungeon.
             The game lasted 00:08:10 (1416 turns).

hawla the Chiller (Meteoran Ice Elementalist)       Turns: 1416, Time: 00:08:11

Health: -4/58      AC:  5    Str: 10    XL:     8   Next: 10%
Magic:  12/19      EV: 13    Int: 24    God:
Gold:   150        SH:  0    Dex: 15    Spells: 12/20 levels left

rFire   . . .      SeeInvis .   (no weapon)
rCold   . . .      Faith    .   (no shield)
rNeg    . . .      Spirit   .   a - +0 robe
rPois   .          Reflect  .   (no helmet)
rElec   .          Harm     .   (no cloak)
rCorr   .          Rampage  .   f - +2 pair of gloves
Will    +....                   (no boots)
Stlth   +.........              (no amulet)
HPRegen 0.19/turn               e - +6 ring of intelligence
MPRegen 0.16/turn               (no ring)

@: weakened, freezing walls, glowing
A: sense surroundings 1, otherworldly, glowing, explore regen
a: no special abilities


You were on level 7 of the Dungeon.
You visited 1 branch of the dungeon, and saw 7 of its levels.

You collected 150 gold pieces.

Inventory:

Armour
 a - a +0 robe (worn)
 f - a +2 pair of gloves (worn)
Jewellery
 e - a +6 ring of intelligence (left hand)
 m - a ring of flight
Scrolls
 k - a scroll of immolation
Potions
 d - 2 potions of attraction
 o - a potion of invisibility


   Skills:
 + Level 0.4 Fighting
 + Level 3.2 Dodging
 - Level 1.4 Stealth
 + Level 6.7 Spellcasting
 + Level 1.2 Conjurations
 + Level 7.5 Ice Magic


You had 12 spell levels left.
You knew the following spells:

 Your Spells              Type           Power      Damage    Failure   Level
a - Freeze                Ice            100%       1d11      1%          1
b - Frozen Ramparts       Ice            88%        1d14      1%          3
c - Hailstorm             Conj/Ice       29%        3d8       12%         4

Your spell library contained the following spells:

 Spells                   Type           Power      Damage    Failure   Level
 Ozocubu's Armour         Ice            44%        N/A       1%          3
 Necrotise                Necr           32%        1d5       8%          1
 Vampiric Draining        Necr           8%         2d6       22%         3
 Agony                    Necr           8%         N/A       90%         5


Dungeon Overview and Level Annotations

Branches:
Dungeon (8/15) Zot: 2785
 Temple: D:4-7         Lair: D:8-11

Altars:

Annotations:
D:7 Menkaure, Pikel


Innate Abilities, Weirdness & Mutations

You passively map a small area around you.
You are easily found by Zot.
You glow in the dark.
You regain HP and MP as you explore.


Message History

The wall freezes the lemure.
The lemure hits you but does no damage.
The wall freezes the lemure!
You kill the lemure!
That felt strangely unrewarding.
Pikel zaps a wand.
The puff of flame hits you!
* * * LOW HITPOINT WARNING * * *
The wall freezes the lemure!
You kill the lemure!
That felt strangely unrewarding.
The wall freezes the lemure!
You kill the lemure!
That felt strangely unrewarding.
Menkaure resists.
The wall freezes Menkaure.
You aren't carrying any items that you can evoke.
Pikel drinks a potion.
Pikel flickers and vanishes!
Deactivating autopickup; reactivate with Ctrl-A.
The wall freezes the gnoll bouda.
Casting: Frozen Ramparts (safe; 1% risk of failure)
Confirm with . or Enter, or press ? or * to list all spells.
Aiming: Freeze (safe; 1% risk of failure)
Press: ? - help, Shift-Dir - straight line, f - gnoll bouda
Aim: a gnoll bouda, wielding a +0 whip and wearing a +0 leather armour (lightly wounded)
You freeze the gnoll bouda.
The gnoll bouda is heavily wounded.
The wall freezes the gnoll bouda!
The gnoll bouda barely misses you.
You feel better.
You hear the creaking of a very distant portcullis.
Menkaure resists.
The wall freezes Menkaure.
A gnoll comes into view. It is wielding a +0 spear.
The wall freezes the gnoll bouda.
You kill the gnoll bouda!
You hear a zap.
A puff of flame appears from out of thin air!
The puff of flame hits you!
* * * LOW HITPOINT WARNING * * *
Really read the scroll of poison?
The air fills with toxic fumes!
As you read the scroll of poison, it crumbles to dust.
Menkaure resists.
The wall freezes Menkaure.
Menkaure casts a spell at you. Pain shoots through your body!
You die...

#.##.#5#.#.##..
##§#§...#.#....#.#
§§§§§..5.......#.###
*
§§§§§......M..'....
*
#§§s{.........#....
###§§######........
, ##§§## #........ *
* ##§§####M.......
#@##.......... **
#§§M§§g§§..... , ,,,
####§§§§§....#* , ,
,** ###+####### *, ,
, ,, , , ,,, , ,,, ,
, ,, , , , + ** *


You could see Menkaure, a scorpion and a gnoll (wandering).

Vanquished Creatures
  An ogre (D:4)
  4 lemures (D:7)
  A centaur (D:7)
  A howler monkey (D:7)
  4 orc priests
  2 jellies
  A gnoll bouda (D:7)
  2 iguanas (D:5)
  2 orc wizards
  An adder (D:4)
  A shadow imp (D:5)
  A dart slug (D:2)
  8 orcs
  3 endoplasms
  2 giant cockroaches (D:4)
  A goblin (D:4)
  3 hobgoblins
  A quokka (D:1)
  A ball python (D:4)
  A bat (D:3)
  A kobold (D:4)
42 creatures vanquished.

Vanquished Creatures (collateral kills)
  An ice beast (D:8)
  A shadow imp (D:8)
2 creatures vanquished.

Grand Total: 44 creatures vanquished

Notes
Turn   | Place    | Note
-------+----------+-------------------------------------------
     0 | D:1      | hawla the Meteoran Ice Elementalist began the quest for the
                  | Orb.
     0 | D:1      | Reached XP level 1. HP: 14/14 MP: 5/5
    81 | D:2      | Reached XP level 2. HP: 14/20 MP: 3/6
   132 | D:2      | Reached skill level 5 in Ice Magic
   132 | D:2      | Reached XP level 3. HP: 19/26 MP: 0/8
   132 | D:2      | Reached XP level 4. HP: 24/33 MP: 0/9
   168 | D:3      | Learned a level 3 spell: Frozen Ramparts
   288 | D:4      | Noticed an ogre
   295 | D:4      | Killed an ogre
   296 | D:4      | Reached skill level 6 in Ice Magic
   296 | D:4      | Reached XP level 5. HP: 15/38 MP: 3/12
   793 | D:4      | Reached XP level 6. HP: 45/45 MP: 8/13
   889 | D:5      | Entered Level 5 of the Dungeon
   962 | D:5      | Reached skill level 5 in Spellcasting
  1033 | D:5      | You fall into a shaft and drop 3 floors!
  1051 | D:8      | Reached XP level 7. HP: 33/50 MP: 11/16
  1134 | D:8      | Reached skill level 7 in Ice Magic
  1246 | D:7      | Learned a level 4 spell: Hailstorm
  1315 | D:7      | Reached skill level 1 in Conjurations
  1357 | D:7      | Noticed Menkaure
  1389 | D:7      | Noticed Pikel
  1400 | D:7      | Reached XP level 8. HP: 31/58 MP: 12/18
  1416 | D:7      | Killed from afar by Menkaure

Illustrated notes

Levels and vault maps discovered:
D:1:      tarquinn_simple_flora_water_f, layout_loops_corners,
          ebering_ecumenical_altar_rust, serial_shops, shop_scrolls,
          minmay_misc_feat_x
D:2:      layout_basic, serial_shops, nicolae_lakefront_shop,
          kennysheep_cross_room
D:3:      layout_basic
D:4:      layout_loops_cross
D:5:      layout_basic, nicolae_wu_jian_wuxing_cycle, jmf_multi_god_temple2,
          serial_shops, shop, hangedman_minor_gate_pass
D:7:      layout_basic, minmay_temple_entry_ruins, enter_bailey_3,
          gammafunk_ghost_nasty_kobolds, uniq_menkaure, uniq_joseph, uniq_pikel
D:8:      layout_basic, serial_co_window_serial, co_window_paths_b,
          co_window_of_opportunity_a, co_window_paths_b, co_window_corner_a,
          co_window_paths_a, co_window_paths_b, co_window_corner_b,
          co_window_broadway_b, co_window_of_opportunity_b, co_window_paths_d,
          co_window_paths_e, glass_columns_b, glass_columns_a, glass_columns_a,
          glass_columns_c, glass_columns_c, lemuel_flamethrower_2

Skill      XL: |  1  2  3  4  5  6  7 |
---------------+----------------------+-----
Spellcasting   | 3 4 5 6 |  6.7
Ice Magic      | 5 6 7 |  7.5
Dodging        | 3 |  3.2
Conjurations   | 1 |  1.2
Fighting       | |  0.4
Stealth        | |  1.4

Action                   |  1- 3 |  4- 6 |  7- 9 || total
-------------------------+-------+-------+-------++-------
Melee: Unarmed           |       |    11 |     3 ||    14
 Cast: Freeze            |    12 |    23 |     6 ||    41
       Frozen Ramparts   |       |    16 |     5 ||    21
       Hailstorm         |       |       |     1 ||     1
  Use: Scroll            |     1 |       |    11 ||    12
       Potion            |       |     1 |     1 ||     2
Armor: Robe              |     2 |     3 |     4 ||     9
Dodge: Dodged            |     8 |    19 |    17 ||    44
